AoeStats
← Superbrasseur

Lombardia

508747007Analyzed
3v3 RM · 8d ago on Sep 23, 2026· 44m 6s· 6 players
Game mode
Random Map
Map size
Normal (6 player)
Population
200
Speed
Normal
Resources
Standard
Victory
Conquest
Starting age
Dark Age
Ending age
Imperial Age
RankedLock teamsTeams togetherTeam positionsShared explorationLock speedFull tech treeHidden civsTurbo modeCheats
Victory
Defeat
🇫🇷 Britons · France
1647
+9
🇫🇷 Spanish · France
1511
+14
🇫🇷 Saxons · France
1510
+14
🇦🇷 Britons · Argentina
1519
-14
🇦🇷 Persians · Argentina
1490
-13
🇦🇷 Mapuche · Argentina
1425
-10
[TOX2] Lord Rucci
3:49 Loom
10:23 Feudal Age
10:51 Feudal Age
15:22 Castle Age
14:44 Double-Bit Axe
17:44 Gold Mining
23:22 Fletching
23:35 Padded Archer Armor
24:54 Bodkin Arrow
26:15 Horse Collar
33:16 Imperial Age
31:28 Bow Saw
32:37 Wheelbarrow
33:25 Leather Archer Armor
33:42 Ballistics
33:19 Elite Bolas Rider
35:30 Ring Archer Armor
35:23 Heavy Plow
39:13 Malon
[TOX2] satho
6:23 Loom
8:34 Feudal Age
11:04 Wheelbarrow
10:21 Double-Bit Axe
15:26 Fletching
17:39 Horse Collar
19:32 Gold Mining
23:49 Castle Age
24:35 Crossbowman
25:11 Bodkin Arrow
25:17 Padded Archer Armor
26:39 Bow Saw
26:50 Hand Cart
26:40 Heavy Plow
31:03 Stone Mining
33:47 Imperial Age
31:21 Town Watch
32:49 Leather Archer Armor
35:00 Bracer
36:07 Chemistry
35:29 Ballistics
35:21 Arbalester
38:15 Two-Man Saw
37:51 Gold Shaft Mining
37:48 Yeomen
39:00 Conscription
[TOX2] A-c-Syno-666
6:08 Loom
9:10 Feudal Age
19:25 Double-Bit Axe
20:11 Horse Collar
27:28 Castle Age
25:51 Gold Mining
29:45 Bow Saw
31:41 Wheelbarrow
31:23 Heavy Plow
38:16 Bloodlines
38:06 Husbandry
42:55 Imperial Age
40:48 Hand Cart
tony le gros rou
6:27 Loom
9:11 Feudal Age
22:02 Castle Age
21:47 Stone Mining
23:14 Double-Bit Axe
25:39 Padded Archer Armor
28:49 Fletching
32:09 Horse Collar
33:17 Bow Saw
35:01 Heavy Plow
37:46 Imperial Age
35:59 Wheelbarrow
36:47 Scale Barding Armor
36:52 Forging
38:11 Bloodlines
38:02 Husbandry
38:37 Chain Barding Armor
38:09 Cavalier
40:29 Plate Barding Armor
40:30 Iron Casting
40:16 Heavy Plow
44:46 Blast Furnace
Superbrasseur
4:00 Loom
9:40 Feudal Age
10:20 Double-Bit Axe
12:51 Horse Collar
16:50 Wheelbarrow
17:11 Gold Mining
19:25 Scale Mail Armor
19:35 Forging
19:19 Stone Mining
21:44 Castle Age
23:45 Bow Saw
23:36 Fletching
25:44 Heavy Plow
27:00 Town Watch
32:04 Gold Shaft Mining
35:48 Imperial Age
33:55 Squires
33:57 Padded Archer Armor
34:49 Hand Cart
34:42 Treadmill Crane
36:24 Arson
36:25 Gambesons
36:17 Capped Ram
37:45 Conscription
37:02 Pikeman
37:13 Shield Wall
37:55 Elite Hearth Troop
37:59 Siege Ram
39:37 Chain Mail Armor
39:58 Iron Casting
41:04 Plate Mail Armor
40:15 Halberdier
41:49 Bodkin Arrow
42:09 Leather Archer Armor
41:58 Elite Skirmisher
43:54 Siege Engineers
43:59 Masonry
ccereal
5:36 Loom
8:24 Feudal Age
8:53 Double-Bit Axe
12:22 Fletching
12:36 Padded Archer Armor
21:11 Castle Age
21:33 Town Watch
22:25 Wheelbarrow
22:14 Bow Saw
24:56 Bodkin Arrow
24:43 Horse Collar
28:25 Heavy Plow
30:32 Ballistics
34:08 Imperial Age
31:59 Gold Mining
31:59 Stone Mining
32:39 Hand Cart
33:25 Gold Shaft Mining
33:32 Leather Archer Armor
34:55 Bracer
36:03 Chemistry
36:08 Yeomen
35:59 Warwolf
36:37 Masonry
37:37 Conscription
38:11 Architecture
39:24 Yeomen
40:22 Elite Longbowman
Connection lost

Rejoining the realm…

Still unreachable

The connection could not be restored.

Session expired

The server has moved on; the page needs a fresh start.